 Dungeon Crawl Stone Soup version 0.25-b1-37-g2669288c55 (webtiles) character file.

Game seed: 7185204903532699929

32530 Masnef the Gelid (level 13, -1/99 HPs)
             Began as a Barachi Ice Elementalist on June 6, 2020.
             Was the Champion of Cheibriados.
             Slain by an ice devil (22 damage)
             ... on level 5 of the Lair of Beasts.
             The game lasted 01:07:09 (25105 turns).

Masnef the Gelid (Barachi Ice Elementalist)        Turns: 25105, Time: 01:07:10

Health: -1/99      AC: 23    Str: 22    XL:     13   Next: 65%
Magic:  13/19      EV: 15    Int: 35    God:    Cheibriados [******]
Gold:   1222       SH:  0    Dex: 29    Spells: 2/20 levels left

rFire    . . .     SeeInvis +   P - +0 scimitar
rCold    . . .     Gourm    .   (no shield)
rNeg     + + .     Faith    .   s - +2 chain mail {MR+}
rPois    .         Spirit   .   Q - +2 helmet {SInv}
rElec    +         Reflect  .   B - +0 cloak
rCorr    .         Harm     .   W - +1 pair of gloves
MR       +....                  (no boots)
Stlth    ..........             (no amulet)
HPRegen  0.26/turn              M - ring "Ykhlev" {+Fly rElec rN++ Str-4 Dex+2}
MPRegen  0.16/turn              z - +4 ring of protection

@: confused, can't hop, very slow
A: +LOS, swims, slowness 1, strong legs 2
a: Hop, Bend Time, Temporal Distortion, Slouch, Step From Time, Renounce
Religion, Evoke Flight


You were on level 5 of the Lair of Beasts.
You worshipped Cheibriados.
Cheibriados was exalted by your worship.
You were not hungry.

You visited 3 branches of the dungeon, and saw 18 of its levels.
You also visited: Bailey.

You collected 1344 gold pieces.
You spent 122 gold pieces at shops.

Inventory:

Hand Weapons
 r - a +2 vorpal flail
 u - a +2 dagger of venom
 K - a +2 hunting sling of flaming
 P - a +0 scimitar (weapon)
 Y - a +0 short sword of freezing
Missiles
 a - a throwing net
 i - 483 stones (quivered)
 G - 8 curare-tipped darts
 V - 60 poisoned darts
Armour
 s - a +2 chain mail of magic resistance (worn)
 B - a +0 cloak (worn)
 Q - a +2 helmet of see invisible (worn)
 R - +0 steam dragon scales
 W - a +1 pair of gloves (worn)
 X - the +0 leather armour of the Realm of Zot {rC+}
   (You found it on level 11 of the Dungeon)

   It protects you from cold.
Jewellery
 z - a +4 ring of protection (right hand)
 M - the ring "Ykhlev" (left hand) {+Fly rElec rN++ Str-4 Dex+2}
   (You found it on level 4 of the Lair of Beasts)

   [ring of flight]

   It affects your strength (-4).
   It affects your dexterity (+2).
   It insulates you from electricity.
   It greatly protects you from negative energy.
   It lets you fly.
Wands
 g - a wand of paralysis (4)
 t - a wand of polymorph (9)
 x - a wand of acid (12)
 H - a wand of digging (6)
Scrolls
 b - a scroll of fear {unknown}
 d - 2 scrolls of immolation
 e - 6 scrolls of identify
 l - 8 scrolls of remove curse
 m - 2 scrolls of enchant weapon {unknown}
 q - 2 scrolls of noise {unknown}
 v - a scroll of random uselessness {unknown}
 w - 3 scrolls of teleportation
 y - 8 scrolls of amnesia
 C - 3 scrolls of blinking {unknown}
 D - a scroll of torment {unknown}
 E - a scroll of fog {unknown}
 F - a scroll of acquirement {unknown}
 I - 9 scrolls of enchant armour {unknown}
 L - 2 scrolls of magic mapping {unknown}
 N - a scroll of summoning {unknown}
 U - a scroll of holy word {unknown}
Potions
 f - 4 potions of curing
 h - 5 potions of stabbing
 j - 2 potions of ambrosia
 k - 3 potions of brilliance
 n - 2 potions of mutation
 o - a potion of invisibility
 p - 2 potions of heal wounds
 A - a potion of resistance
 S - a potion of magic
 T - a potion of flight
 Z - a potion of cancellation {unknown}
Comestibles
 c - 38 rations


   Skills:
 - Level 8.6 Fighting
 - Level 2.9(5.2) Short Blades
 - Level 7.5(7.8) Long Blades
 + Level 2.6 Slings
 - Level 7.9 Armour
 - Level 8.3 Dodging
 - Level 7.3 Stealth
 - Level 4.0 Spellcasting
 - Level 4.2 Conjurations
 - Level 3.0 Hexes
 - Level 1.0 Charms
 - Level 3.3 Summonings
 - Level 16.5 Ice Magic
 + Level 4.6 Invocations


You had 2 spell levels left.
You knew the following spells:

 Your Spells              Type           Power        Failure   Level  Hunger
a - Freeze                Ice            ####         1%          1    None
b - Frozen Ramparts       Ice            ######       1%          3    #......
c - Ozocubu's Armour      Chrm/Ice       ######..     2%          3    #......
d - Summon Ice Beast      Ice/Summ       ######..     5%          4    ###....
e - Hailstorm             Conj/Ice       ######..     4%          4    ###....
f - Dazzling Flash        Conj/Hex       ####..       22%         3    #......

Your spell library contained the following spells:

 Spells                   Type           Power        Failure   Level  Hunger
 Ensorcelled Hibernation  Hex/Ice        ######       1%          2    None
 Corona                   Hex            ####...      9%          1    None
 Animate Skeleton         Necr           N/A          30%         1    None
 Pain                     Necr           #...         30%         1    None
 Sting                    Tmut/Pois      #...         30%         1    None
 Poisonous Vapours        Pois/Air       #.....       43%         2    None
 Confusing Touch          Hex            ####....     26%         3    #......
 Tukima's Dance           Hex            ####....     26%         3    #......
 Recall                   Summ/Tloc      N/A          43%         3    #......
 Mephitic Cloud           Conj/Pois/Air  ###.....     45%         3    #......
 Ignite Poison            Fire/Tmut/Pois #.......     67%         3    #......
 Vampiric Draining        Necr           #.........   67%         3    #......
 Aura of Abjuration       Summ           ####......   92%         5    #####..
 Summon Demon             Summ           ####......   92%         5    #####..
 Summon Mana Viper        Hex/Summ       ####....     94%         5    #####..
 Animate Dead             Necr           N/A          97%         4    ###....
 Olgreb's Toxic Radiance  Pois           #.......     97%         4    ###....
 Summon Forest            Summ/Tloc      ###.......   99%         5    #####..
 Agony                    Necr           #.......     100%        5    #####..
 Shadow Creatures         Summ           N/A          100%        6    ######.


Dungeon Overview and Level Annotations

Branches:
Dungeon (12/15)            Temple (1/1) D:6            Lair (5/6) D:8
  Swamp (0/4) Lair:2       Spider (0/4) Lair:3          Orc (0/2) D:12
 Bailey (visited)
  Slime: Lair:5-6

Altars:
Ashenzari
Cheibriados
Dithmenos
Elyvilon
Fedhas
Gozag
Hepliaklqana
Kikubaaqudgha
Makhleb
Nemelex Xobeh
Okawaru
Qazlal
Ru
Sif Muna
Trog
Uskayaw
Vehumet
Wu Jian
Xom
Yredelemnul
Zin
The Shining One

Shops:
D:6 ?   D:11 *

Portals:
Abyss: D:6

Annotations:
D:4 exclusion: ogre
D:6 2 transporters, Ketzopolo's ghost, novice DESu


Innate Abilities, Weirdness & Mutations

You can be seen from farther away. (+LOS)
You can swim through water.
You cover ground slowly.
You can hop long distances.


Message History

Boing!
An ice devil opens the door.
Your ice beast closely misses the ice devil. x2
Your ice beast barely misses the ice devil.
Evoke which item? (* to show all) (? for menu, Esc to quit)
Aiming: Corrosive Bolt
Press: ? - help, Shift-Dir - straight line, f - ice devil
Aim: an ice devil (heavily wounded)
The bolt of acid misses the ice devil.
Evoke which item? (* to show all) (? for menu, Esc to quit)
Aiming: Corrosive Bolt
Press: ? - help, Shift-Dir - straight line, p - ice devil
Okay, then.
You are confused.
You feel invigorated.
You hit the ice devil but do no damage.
The ice devil is heavily wounded.
The ice devil hits you!
* * * LOW HITPOINT WARNING * * *
The ice devil freezes you!!
You die...

..P# #........# ##.#(....##
#### #.......## #.#...+#..#
.# #..P+.P.# ##......### ##
###..#######...####
.#########.#.###.P.#'..P##
#..#.....#.##..#........[#
.#................Y......#
%...............P4Y......###
<##.............@..........#
)##.##....................##
.######...>....#.........#.#
.# #.P....#..#.#+.#..)####
.# ##.......#.###.#..### ##
#.#.#.#...## #....### .
##.###.....# ##P....##
.#####.........####......#
.^..#.#..........#.......##


You could see an ice devil and 2 friendly ice beasts.

Vanquished Creatures
  A hydra (D:12)
  A two-headed ogre (D:12)
  An unseen horror (D:11)
  Pikel (D:6)
  4 orc knights (Bailey)
  A necromancer (Lair:5)
  An oklob plant (Lair:4)
  2 black mambas (Lair:2)
  3 spiny frogs
  A torpor snail (Lair:4)
  2 centaur skeletons
  6 komodo dragons
  An ice devil (Lair:5)
  3 trolls
  A jumping spider (Lair:3)
  Prince Ribbit (D:7)
  A queen bee (Lair:2)
  A hornet (D:8)
  4 hippogriffs
  5 blink frogs
  2 bog bodies (Lair:2)
  8 dream sheep
  A vampire (D:11)
  2 redbacks (Lair:3)
  Eustachio (D:4)
  A basilisk (Lair:3)
  2 wraiths
  13 yaks
  2 wyverns
  2 hungry ghosts
  Edmund (D:4)
  A soldier ant (D:12)
  7 water moccasins
  5 porcupines
  An ice beast (D:9)
  A black bear (D:10)
  10 orc warriors
  3 slaves (D:6)
  2 phantoms (D:10)
  3 centaurs
  9 ogres
  A wolf (Lair:4)
  6 crocodiles
  3 big kobolds
  8 bullfrogs
  A wyvern zombie (D:9)
  2 scorpions
  38 killer bees
  A wight (D:12)
  An electric eel (Lair:1)
  4 howler monkeys
  A bullfrog zombie (D:10)
  3 crimson imps
  7 hounds
  A quasit (D:10)
  5 jellies
  2 orc priests
  4 human zombies (D:12)
  9 orc wizards
  Ijyb (D:4)
  A bullfrog skeleton (D:5)
  A human skeleton (D:12)
  2 iguanas
  5 worker ants
  A yak simulacrum (Lair:5)
  A wolf simulacrum (Lair:5)
  Robin (D:4)
  A howler monkey zombie (D:11)
  A worker ant zombie (D:6)
  6 gnolls
  A howler monkey skeleton (D:10)
  10 adders
  3 shadow imps
  15 oozes
  An adder skeleton (D:5)
  A dart slug (D:5)
  8 leopard geckos
  46 orcs
  8 bats
  3 giant cockroaches
  9 hobgoblins
  8 jackals
  12 kobolds
  5 quokkas
  A ball python (D:1)
  11 frilled lizards
  16 goblins
  A jackal skeleton (D:4)
  An orc zombie (D:12)
  A quokka skeleton (D:4)
  5 rats
402 creatures vanquished.

Vanquished Creatures (collateral kills)
  Gastronok (Lair:3)
  3 hydras
  A two-headed ogre (D:10)
  4 oklob plants (Lair:4)
  A centaur skeleton (D:12)
  2 trolls
  3 blink frogs
  4 dream sheep
  A redback (Lair:3)
  Sigmund (D:5)
  A basilisk (Lair:4)
  4 yaks
  A hungry ghost (D:11)
  A porcupine (Lair:4)
  An orc warrior (D:12)
  2 phantoms
  An ice beast (D:11)
  A centaur (D:10)
  A big kobold (D:11)
  Blork the orc (D:6)
  7 killer bees
  2 wights (D:12)
  An electric eel (Lair:1)
  2 centaur zombies
  An orc priest (D:10)
  2 jellies
  Crazy Yiuf (D:6)
  A bullfrog skeleton (D:7)
  A hound (D:10)
  2 wolf simulacra (Lair:5)
  5 polar bear simulacra (Lair:5)
  3 oozes (Lair:4)
  5 orcs (Bailey)
  2 kobolds (D:11)
  2 orc skeletons (D:12)
  2 river rat simulacra (Lair:5)
74 creatures vanquished.

Vanquished Creatures (others)
  3 fungi
  4 plants
7 creatures vanquished.

Grand Total: 483 creatures vanquished

Notes
Turn   | Place    | Note
-------+----------+-------------------------------------------
     0 | D:1      | Masnef the Barachi Ice Elementalist began the quest for the
                  | Orb.
     0 | D:1      | Reached XP level 1. HP: 13/13 MP: 3/3
    46 | D:1      | Reached skill level 5 in Ice Magic
   392 | D:1      | Reached XP level 2. HP: 19/19 MP: 3/5
  1591 | D:1      | Reached XP level 3. HP: 14/24 MP: 2/6
  1600 | D:1      | Learned a level 3 spell: Frozen Ramparts
  2004 | D:2      | Reached skill level 6 in Ice Magic
  2799 | D:2      | Reached XP level 4. HP: 19/30 MP: 3/7
  2804 | D:2      | Learned a level 3 spell: Ozocubu's Armour
  4051 | D:4      | Noticed an ogre
  4080 | D:4      | Found a hazy altar of Hepliaklqana.
  4093 | D:4      | Noticed Edmund
  4104 | D:4      | Killed Edmund
  4104 | D:4      | Reached skill level 1 in Fighting
  4104 | D:4      | Reached skill level 1 in Charms
  4104 | D:4      | Reached skill level 7 in Ice Magic
  4104 | D:4      | Reached XP level 5. HP: 26/37 MP: 0/9
  4203 | D:4      | Reached skill level 1 in Short Blades
  4203 | D:4      | Reached XP level 6. HP: 36/44 MP: 6/10
  4310 | D:4      | Noticed an orc warrior
  4366 | D:4      | Killed an orc warrior
  4444 | D:4      | Noticed a wyvern
  4449 | D:4      | Killed a wyvern
  4449 | D:4      | Reached skill level 8 in Ice Magic
  4449 | D:4      | Reached XP level 7. HP: 43/51 MP: 2/11
  4743 | D:4      | Noticed Robin
  4759 | D:4      | Killed Robin
  4852 | D:4      | Noticed Ijyb
  4856 | D:4      | Noticed Eustachio
  4860 | D:4      | Killed Ijyb
  4961 | D:4      | Reached skill level 9 in Ice Magic
  4967 | D:4      | Learned a level 4 spell: Summon Ice Beast
  5057 | D:4      | Killed Eustachio
  5057 | D:4      | Reached XP level 8. HP: 54/58 MP: 3/13
  5355 | D:5      | Entered Level 5 of the Dungeon
  5403 | D:5      | Noticed Sigmund
  5409 | D:5      | Killed Sigmund
  5409 | D:5      | Reached skill level 1 in Summonings
  5583 | D:5      | Reached skill level 10 in Ice Magic
  6372 | D:6      | Reached XP level 9. HP: 45/65 MP: 0/15
  6634 | D:6      | Found a transporter.
  6645 | D:6      | Found a one-way gate to the infinite horrors of the Abyss.
  6645 | D:6      | Noticed Ketzopolo's ghost (novice DESu)
  6646 | D:6      | Noticed an ancient zyme
  6674 | D:6      | Found a transporter.
  6978 | D:6      | Reached skill level 11 in Ice Magic
  7091 | D:6      | Found a staircase to the Ecumenical Temple.
  7097 | Temple   | Entered the Ecumenical Temple
  7239 | D:6      | Noticed Pikel
  7251 | D:6      | Killed Pikel
  7308 | D:6      | Noticed Blork the orc
  7317 | D:6      | Learned a level 4 spell: Hailstorm
  7324 | D:6      | Killed Blork the orc
  7394 | D:6      | Found Qaodd's Magic Scroll Shoppe.
  7411 | D:6      | Bought a scroll of identify for 24 gold pieces
  7411 | D:6      | Bought a scroll of teleportation for 36 gold pieces
  7442 | D:6      | Found a runed translucent door.
  7443 | D:6      | Noticed Crazy Yiuf
  7453 | D:6      | Killed Crazy Yiuf
  8129 | D:7      | Found a stormy altar of Qazlal.
  8129 | D:7      | Found a hide-covered altar of Uskayaw.
  8129 | D:7      | Found a snail-covered altar of Cheibriados.
  8139 | D:7      | Became a worshipper of Cheibriados the Contemplative
  8249 | D:7      | Noticed Prince Ribbit
  8314 | D:7      | Killed Prince Ribbit
  8314 | D:7      | Reached skill level 5 in Fighting
  8314 | D:7      | Reached skill level 5 in Dodging
  8314 | D:7      | Reached skill level 12 in Ice Magic
  8474 | D:7      | Reached skill level 1 in Conjurations
  8585 | D:7      | Reached XP level 10. HP: 66/74 MP: 7/16
  8826 | D:8      | Found a staircase to the Lair.
  8965 | D:8      | Found a flagged portal.
  9063 | Bailey   | Entered a bailey
  9077 | Bailey   | Reached * piety under Cheibriados
  9179 | Bailey   | Noticed an orc knight
  9179 | Bailey   | Noticed an orc knight
  9179 | Bailey   | Noticed an orc knight
  9187 | Bailey   | Reached skill level 5 in Stealth
  9202 | Bailey   | Noticed an orc knight
  9569 | Bailey   | Killed an orc knight
  9569 | Bailey   | Reached skill level 13 in Ice Magic
  9684 | Bailey   | Killed an orc knight
  9813 | Bailey   | Killed an orc knight
 10632 | Bailey   | Killed an orc knight
 10983 | D:8      | Reached ** piety under Cheibriados
 11338 | D:8      | Paralysed by a hornet for 3 turns
 11341 | D:8      | Reached skill level 14 in Ice Magic
 11764 | D:9      | Got an ancient quarterstaff
 11765 | D:9      | Identified the cursed +1 quarterstaff "Amanupn" {vorpal,
                  | +Rage} (You found it on level 9 of the Dungeon)
 11798 | D:9      | Found a glowing golden altar of the Shining One.
 12560 | D:10     | Entered Level 10 of the Dungeon
 12571 | D:10     | Reached skill level 1 in Long Blades
 12571 | D:10     | Reached XP level 11. HP: 74/82 MP: 17/17
 12702 | D:10     | Reached *** piety under Cheibriados
 12940 | D:10     | Noticed a two-headed ogre
 12945 | D:10     | Killed a two-headed ogre
 13515 | D:10     | Found an opulent altar of Gozag.
 13525 | D:10     | Reached skill level 1 in Invocations
 13700 | D:11     | Noticed an unseen horror
 13713 | D:11     | Killed an unseen horror
 13713 | D:11     | Reached **** piety under Cheibriados
 13811 | D:11     | Found Gen Rie's Assorted Antiques.
 13878 | D:11     | Reached skill level 5 in Long Blades
 14000 | D:11     | Bought a white potion for 29 gold pieces
 14000 | D:11     | Bought a scroll labeled IDAIRGH QAMOM for 33 gold pieces
 15100 | D:11     | Got a crude leather armour
 15111 | D:11     | Identified the cursed +0 leather armour of the Realm of Zot
                  | {rC+} (You found it on level 11 of the Dungeon)
 15168 | D:12     | Noticed a six-headed hydra
 15215 | D:12     | Reached ***** piety under Cheibriados
 15274 | D:12     | Found a staircase to the Orcish Mines.
 15546 | D:12     | Noticed a two-headed ogre
 15560 | D:12     | Killed a two-headed ogre
 15560 | D:12     | Reached skill level 1 in Armour
 15560 | D:12     | Reached XP level 12. HP: 10/91 MP: 7/18
 15916 | D:12     | Reached skill level 15 in Ice Magic
 16296 | D:12     | Killed a six-headed hydra
 16888 | D:12     | Found a shimmering altar of Xom.
 16958 | D:12     | Found an ancient bone altar of Kikubaaqudgha.
 17162 | Lair:1   | Entered Level 1 of the Lair of Beasts
 18242 | Lair:1   | Reached ****** piety under Cheibriados
 18887 | Lair:2   | Reached skill level 5 in Armour
 19029 | Lair:2   | Found a staircase to the Swamp.
 19755 | Lair:2   | Learned a level 3 spell: Dazzling Flash
 20291 | Lair:3   | Found a hole to the Spider Nest.
 20428 | Lair:3   | Noticed a seven-headed hydra
 20435 | Lair:3   | Killed a seven-headed hydra
 20516 | Lair:3   | Gained mutation: You can hop long distances. [Barachi
                  | growth]
 20516 | Lair:3   | Reached XP level 13. HP: 92/99 MP: 3/19
 20526 | Lair:3   | Reached skill level 16 in Ice Magic
 21131 | Lair:3   | Reached skill level 1 in Hexes
 21325 | Lair:3   | Noticed Gastronok
 21338 | Lair:3   | Killed Gastronok
 22788 | Lair:4   | Got a vibrating bone ring
 22789 | Lair:4   | Identified the ring "Ykhlev" {+Fly rElec rN++ Str-4 Dex+2}
                  | (You found it on level 4 of the Lair of Beasts)
 24196 | Lair:5   | Reached skill level 1 in Slings
 25105 | Lair:5   | Slain by an ice devil

Illustrated notes

Levels and vault maps discovered:
D:1:      wander_arrival_fairy_ring, layout_basic, nrook_mini_vaults
D:2:      layout_basic, first_ration
D:3:      layout_basic
D:4:      cheibrodos_helix_gallery, layout_cave_pools,
          overflow_temple_1_default, uniq_eustachio, uniq_robin, uniq_ijyb,
          uniq_edmund
D:5:      layout_loops_ring, uniq_sigmund
D:6:      layout_basic, minmay_temple_entry_grid,
          gammafunk_ghost_abyssal_escape, serial_shops, shop_statue,
          st_stairs_14, uniq_blork_the_orc, uniq_crazy_yiuf_cottage, uniq_pikel
D:7:      layout_rooms, gammafunk_temple_overflow_claw, uniq_prince_ribbit1
D:8:      layout_basic, lair_entry_dummy, enter_bailey_8, blue_anna_alchemist
          [blue_anna_fruit_fields, blue_anna_fruit_fields]
D:9:      layout_long_grid, basic_altar
D:10:     minmay_skewed_foursquare, layout_basic, basic_altar,
          serial_park_tiny_2, grunt_ministairs_9
D:11:     layout_loops_cross, serial_shops, shop
D:12:     layout_cave_pools, kennysheep_orc_monster_closet_entryway,
          basic_altar, lemuel_mausoleum_altar_kikubaaqudgha
Temple:   compressed_dpeg_circular_temple
Lair:1:   layout_gridlike, minivault_27
Lair:2:   layout_roguey [special_room_bee], skrybe_swamp_entry_bodies,
          infiniplex_staircase_pool_2
Lair:3:   layout_long_grid, spider_nest_entry_funnel_web, uniq_gastronok
Lair:4:   lemuel_slime, layout_regular_city, grunt_megastairs_2,
          minmay_lair_oklob_chamber
Lair:5:   layout_roguey, portal_ice_cave_demonic_guard, eino_house_with_fridge

Skill      XL: |  1  2  3  4  5  6  7  8  9 10 11 12 13 |
---------------+----------------------------------------+-----
Ice Magic      | 5 6 7 8 9 10 12 14 15 16 | 16.5
Fighting       | 1 2 3 5 6 7 8 |  8.6
Stealth        | 2 3 4 5 6 7 |  7.3
Charms         | 1 |  1.0
Short Blades   | 1 2 |  2.9
Spellcasting   | 3 4 |  4.0
Dodging        | 3 4 5 6 7 8 |  8.3
Summonings     | 2 3 |  3.3
Conjurations   | 1 3 4 |  4.2
Long Blades    | 1 6 7 |  7.5
Invocations    | 2 3 4 |  4.6
Armour         | 1 6 7 |  7.9
Hexes          | 3 |  3.0
Slings         | 2 |  2.6

Action                   |  1- 3 |  4- 6 |  7- 9 | 10-12 | 13-15 || total
-------------------------+-------+-------+-------+-------+-------++-------
Melee: Unarmed           |    13 |       |       |       |       ||    13
       Short sword       |    44 |    19 |     2 |    13 |       ||    78
       Dagger            |       |       |   107 |    19 |       ||   126
       Scimitar          |       |       |       |   344 |    76 ||   420
 Fire: Hunting sling     |       |       |       |       |    10 ||    10
Throw: Stone             |       |       |       |       |     1 ||     1
 Cast: Freeze            |    49 |    25 |    80 |    52 |    35 ||   241
       Frozen Ramparts   |       |     4 |    37 |    59 |    16 ||   116
       Ozocubu's Armour  |       |     2 |     1 |     1 |       ||     4
       Summon Ice Beast  |       |       |    10 |    46 |    46 ||   102
       Hailstorm         |       |       |       |    40 |     5 ||    45
       Dazzling Flash    |       |       |       |       |     2 ||     2
 Abil: Hop               |       |       |       |       |     1 ||     1
Evoke: Wand              |       |       |       |    10 |     4 ||    14
  Use: Scroll            |       |       |       |    16 |     3 ||    19
       Potion            |       |       |       |     3 |     1 ||     4
 Stab: Sleeping          |     1 |     1 |     6 |    11 |       ||    19
       Distracted        |       |       |       |     7 |     1 ||     8
       Invisible         |       |       |       |     2 |     1 ||     3
  Eat: Chunk             |     4 |     6 |    19 |    30 |     8 ||    67
       Ration            |     1 |       |       |     3 |     2 ||     6
Armor: Robe              |    28 |       |       |       |       ||    28
       Leather armour    |       |     4 |    45 |     6 |       ||    55
       Steam dragon scal |       |       |       |    81 |       ||    81
       Chain mail        |       |       |       |   130 |    79 ||   209
Dodge: Dodged            |    75 |    25 |   121 |   486 |   133 ||   840
       Rpst.: Scimitar   |       |       |       |   104 |    33 ||   137
